 Dungeon Crawl Stone Soup version 0.22-a0-779-g6f83d72c62 (webtiles) character file.

176 Holzbalken the Slasher (level 5, -1/38 HPs)
             Began as a Vampire Gladiator on July 19, 2018.
             Slain by a killer bee (4 damage)
             ... on level 3 of the Dungeon.
             The game lasted 00:07:03 (2323 turns).

Holzbalken the Slasher (Vampire Gladiator)          Turns: 2323, Time: 00:07:04

Health: -1/38      AC:  5    Str: 13    XL:     5   Next: 30%
Magic:  5/5        EV: 13    Int: 11    God:
Gold:   96         SH:  0    Dex: 16    Spells: 4/4 levels left

rFire    + . .     SeeInvis +   a - +0 long sword
rCold    + + .     Gourm    .   (no shield)
rNeg     + + .     Faith    .   b - +0 leather armour
rPois    +         Spirit   .   c - +0 helmet
rElec    +         Reflect  .   k - +0 cloak
rCorr    +         Harm     .   (no gloves)
MR       .....                  (no boots)
Stlth    ++........             (no amulet)
HPRegen  0.06/turn              (no ring)
MPRegen  0.09/turn              (no ring)

@: lethally poisoned (-1 -> -8), resistant, regenerating slowly
A: fangs 3, see invisible, unbreathing
a: Bat Form


You were on level 3 of the Dungeon.
You were thirsty.

You visited 1 branch of the dungeon, and saw 3 of its levels.

You collected 96 gold pieces.

Inventory:

Hand Weapons
 a - a +0 long sword (weapon)
Missiles
 d - 4 throwing nets (quivered)
Armour
 b - a +0 leather armour (worn)
 c - a +0 helmet (worn)
 k - a +0 cloak (worn)
Jewellery
 g - an uncursed ring of stealth {unknown}
 j - an uncursed ring of protection from magic {unknown}
Wands
 n - a wand of acid (8)
Scrolls
 f - 3 scrolls of identify {unknown}
 i - a scroll of enchant armour {unknown}
 l - a scroll of magic mapping {unknown}
 o - a scroll of noise {unknown}
Potions
 e - 12 potions of blood


   Skills:
 - Level 1.7 Fighting
 + Level 6.1 Long Blades
 - Level 1.5 Throwing
 - Level 3.2 Dodging


You had 4 spell levels left.
You didn't know any spells.
Your spell library was empty.

Dungeon Overview and Level Annotations

Branches:
Dungeon (3/15)

Altars:


Innate Abilities, Weirdness & Mutations

You heal slowly.
You have razor-sharp teeth.
You have supernaturally acute eyesight. (SInv)
You can survive without breathing.


Message History

The killer bee is severely wounded.
The killer bee misses you.
You riposte.
You hit the killer bee.
You kill the killer bee!
Your Long Blades skill increases to level 6!
You have reached level 5!
You feel clever.
It was a potion of resistance.
You feel protected.
* * * LOW HITPOINT WARNING * * *
You feel sick. The rat bites you but does no damage.
Unknown command.
You slash the rat!
You kill the rat!
The killer bee barely misses you.
You hit the killer bee but do no damage.
* * * LOW HITPOINT WARNING * * *
You feel sick.
The killer bee stings you but does no damage.
The killer bee barely misses you. The killer bee stings you.
You die...

##.....## ##?
##.......##
#..y.###.........#
....ry...........+
.....###.........#
... #........# .
#.#.....##
#y##...## #@###+##
#.# #.# #.#####.#
#.# ........###.##
.....(..>#...##
#.###.........#
#........##
#.......########
#...............


You could see a killer bee.

Vanquished Creatures
  A phantom (D:2)
  A killer bee (D:3)
  An adder (D:2)
  An ooze (D:1)
  A dart slug (D:3)
  A leopard gecko (D:1)
  3 hobgoblins
  4 kobolds
  3 bats
  3 frilled lizards
  6 goblins
  4 rats
29 creatures vanquished.

Vanquished Creatures (others)
  5 toadstools (D:1)
5 creatures vanquished.

Grand Total: 34 creatures vanquished

Notes
Turn   | Place    | Note
-------+----------+-------------------------------------------
     0 | D:1      | Holzbalken the Vampire Gladiator began the quest for the Orb.
     0 | D:1      | Reached XP level 1. HP: 16/16 MP: 1/1
   147 | D:1      | Reached XP level 2. HP: 17/22 MP: 2/2
   804 | D:2      | Reached skill level 4 in Long Blades
  1034 | D:2      | Reached XP level 3. HP: 16/27 MP: 3/3
  1465 | D:2      | Noticed a phantom
  1712 | D:2      | Killed a phantom
  1712 | D:2      | Reached skill level 5 in Long Blades
  1712 | D:2      | Reached XP level 4. HP: 12/33 MP: 4/4
  2320 | D:3      | Reached skill level 6 in Long Blades
  2320 | D:3      | Reached XP level 5. HP: 5/38 MP: 5/5
  2323 | D:3      | Slain by a killer bee

Vault maps used:
D:1:      ldierk_walled_garden, serial_park_tiny_1, minmay_tetromino_l2
D:2:      cheibrodos_helix_gallery, solitary_fountain, palyth_stone_intersect,
          serial_park_tiny_2, minmay_misc_feat_alley
D:3:      uniq_natasha

Skill      XL: |  1  2  3  4 |
---------------+-------------+-----
Long Blades    | 4 5 6 |  6.1
Fighting       | |  1.7
Throwing       | |  1.5
Dodging        | |  3.2

Action                   |  1- 3 |  4- 6 || total
-------------------------+-------+-------++-------
Melee: Long sword        |    91 |    20 ||   111
       Bite              |    10 |     5 ||    15
  Use: Potion            |     2 |     5 ||     7
Armor: Leather armour    |    19 |     4 ||    23
Dodge: Dodged            |    55 |    19 ||    74
       Rpst.: Long sword |    19 |     6 ||    25

Table legend:
 A = Spawn XP
 B = Non-spawn XP
 C = Spawn XP percentage of total XP
 D = Spawn monster count
 E = Non-spawn monster count
 F = Spawn count percentage of total count
 G = Total turns spent on level
                    A         B        C        D         E        F      G
               +---------+---------+-------+---------+---------+-------+---------
         Total |       0 |     252 |   0.0 |       0 |      29 |   0.0 |  2323
               +---------+---------+-------+---------+---------+-------+---------
           D:1 |       0 |      27 |   0.0 |       0 |      13 |   0.0 |   708
           D:2 |       0 |     149 |   0.0 |       0 |       9 |   0.0 |  1367
           D:3 |       0 |      76 |   0.0 |       0 |       7 |   0.0 |   248
               +---------+---------+-------+---------+---------+-------+---------
